 Dungeon Crawl Stone Soup version 0.27.1-1-g398f81649c (webtiles) character file.

Game seed: 8264612582772557758

23 Gwenloh the Grasshopper (level 2, -1/24 HPs)
             Began as a Palentonga Warper on Sept 7, 2021.
             Slain by an adder (4 damage)
             ... on level 1 of the Dungeon.
             The game lasted 00:03:14 (872 turns).

Gwenloh the Grasshopper (Palentonga Warper)          Turns: 872, Time: 00:03:15

Health: -1/24      AC:  6    Str: 14    XL:     2   Next: 72%
Magic:  3/5        EV:  8    Int: 13    God:
Gold:   24         SH:  5    Dex:  9    Spells: 3/5 levels left

rFire    . . .     SeeInvis +   a - +0 hand axe
rCold    . . .     Faith    .   (no shield)
rNeg     . . .     Spirit   .   i - +0 ring mail
rPois    .         Reflect  +   l - +0 helmet
rElec    .         Harm     .   (no cloak)
rCorr    .         Rampage  .   (no gloves)
Will     .....                  (no barding)
Stlth    ..........             j - amulet of reflection
HPRegen  0.08/turn              (no ring)
MPRegen  0.09/turn              (no ring)

@: lethally poisoned (-1 -> -4)
A: large, rugged brown scales 3, see invisible, deformed body, roll 1, armoured
tail
a: Rolling Charge


You were on level 1 of the Dungeon.
You visited 1 branch of the dungeon, and saw 2 of its levels.

You collected 24 gold pieces.

Inventory:

Hand Weapons
 a - a +0 hand axe (weapon)
Missiles
 d - 5 boomerangs of dispersal
 h - 24 stones (quivered)
 k - 19 bolts
Armour
 b - a +0 leather armour
 i - a +0 ring mail (worn)
 l - a +0 helmet (worn)
Jewellery
 j - an amulet of reflection (around neck)
Scrolls
 c - a scroll of blinking
 f - 5 scrolls of teleportation {unknown}
 g - a scroll of noise {unknown}
Potions
 e - a potion of invisibility {unknown}
 m - a potion of attraction {unknown}


   Skills:
 + Level 2.3 Fighting
 * Level 2.7 Axes
 - Level 0.6 Throwing
 + Level 1.2 Armour
 - Level 1.5 Dodging
 - Level 2.0 Spellcasting
 - Level 3.0 Translocations


You had 3 spell levels left.
You knew the following spells:

 Your Spells              Type           Power      Damage    Failure   Level
a - Blink                 Tloc           N/A        N/A       22%         2

Your spell library contained the following spells:

 Spells                   Type           Power      Damage    Failure   Level
 Gell's Gravitas          Tloc           4%         N/A       41%         3
 Lesser Beckoning         Tloc           4%         N/A       41%         3
 Teleport Other           Tloc           9%         N/A       41%         3
 Manifold Assault         Tloc           9%         N/A       99%         5


Dungeon Overview and Level Annotations

Branches:
Dungeon (2/15)

Altars:


Innate Abilities, Weirdness & Mutations

You are completely covered in rugged brown scales. (AC +3, +7% HP)
You have supernaturally acute eyesight. (SInv)
Armour fits poorly on your strangely shaped body.
You can roll at nearby foes to attack.
You have a long armoured tail.


Message History

You are too injured to fight recklessly!
You are too injured to fight recklessly!
You are too injured to fight recklessly!
You are too injured to fight recklessly!
You are too injured to fight recklessly!
You are too injured to fight recklessly!
You are too injured to fight recklessly!
Unknown command.
Okay, then.
You closely miss the adder.
The adder is lightly wounded.
You feel sick. You block the adder's attack.
You closely miss the adder.
The adder is lightly wounded.
You feel sick. The adder bites you but does no damage.
You block the adder's attack.
You barely miss the adder.
The adder is lightly wounded.
You feel sick. The adder bites you but does no damage.
You block the adder's attack.
You closely miss the adder.
The adder is lightly wounded.
You feel sick.
You are no longer poisoned.
The adder bites you but does no damage.
You hit the adder but do no damage.
Your tail-slap misses the adder.
The adder is lightly wounded.
The adder bites you.
* * * LOW HITPOINT WARNING * * *
You are lethally poisoned!
The adder poisons you! You block the adder's attack.
You closely miss the adder.
The adder is lightly wounded.
* * * LOW HITPOINT WARNING * * *
You feel sick. The adder bites you but does no damage.
You hit the adder.
The adder is severely wounded.
* * * LOW HITPOINT WARNING * * *
You feel sick. The adder bites you.
You die...

###### #....#
####.##.# #.....#.#
#.#####.####### #.#
#.....S@#
#.###########†#
#...........#.###
#######..........#
#.......#.####.#.#
###..............#.#
#..........#.....>.#
#.#..###.>........##
..#..#
#.#....###.######


You could see an adder.

Vanquished Creatures
  An adder (D:1)
  2 ball pythons (D:1)
  3 endoplasms
  A hobgoblin (D:1)
  A kobold (D:2)
  3 bats (D:1)
  2 frilled lizards (D:1)
  2 rats (D:1)
15 creatures vanquished.

Vanquished Creatures (others)
  5 plants (D:1)
5 creatures vanquished.

Grand Total: 20 creatures vanquished

Notes
Turn   | Place    | Note
-------+----------+-------------------------------------------
     0 | D:1      | Gwenloh the Palentonga Warper began the quest for the Orb.
     0 | D:1      | Reached XP level 1. HP: 17/17 MP: 3/3
   141 | D:1      | Reached skill level 1 in Armour
   222 | D:1      | Found a faded altar of an unknown god.
   384 | D:1      | Reached XP level 2. HP: 20/23 MP: 5/5
   441 | D:1      | Learned a level 2 spell: Blink
   872 | D:1      | Slain by an adder

Illustrated notes

Levels and vault maps discovered:
D:1:      heliophobic_arrival_ceremonial_halls, layout_basic,
          shapermc_ecumenical_altar_acropolis, ebering_dispersal_statue_hall,
          minmay_lizard_king
D:2:      layout_rooms, minmay_tromino_v4_a

Skill      XL: |  1 |
---------------+----+-----
Armour         | 1 |  1.2
Fighting       | |  2.3
Axes           | |  2.7
Throwing       | |  0.6
Dodging        | |  1.5
Spellcasting   | |  2.0
Translocations | |  3.0

Action                   || total
-------------------------++-------
Melee: Hand axe          ||    51
       Tailslap          ||     1
Throw: Stone             ||    28
 Cast: Blink             ||     2
 Abil: Rolling Charge    ||     3
Armor: Leather armour    ||     7
       Ring mail         ||    26
Dodge: Dodged            ||    27
Block: Other             ||    11
       Reflection        ||     1
